 Dungeon Crawl Stone Soup version 0.23.0-3-gf3c87f2df8 (webtiles) character file.

Game seed: 18314860074666175136

4881 mitkoXXVII the Fighter (level 10, -4/87 HPs)
             Began as a Mummy Necromancer on Feb 18, 2019.
             Slain by a ynoxinul (7 damage)
             ... summoned by an obsidian statue
             ... on level 9 of the Dungeon on Feb 22, 2019.
             The game lasted 00:42:31 (11021 turns).

mitkoXXVII the Fighter (Mummy Necromancer)         Turns: 11021, Time: 00:42:33

Health: -4/87      AC:  8    Str: 11    XL:     10   Next: 26%
Magic:  19/19      EV: 11    Int: 18    God:
Gold:   425        SH:  5    Dex: 13    Spells: 12/21 levels left

rFire    x . .     SeeInvis .   r - +2 hand axe (elec)
rCold    + . .     Gourm    .   n - +0 buckler
rNeg     + + +     Faith    .   s - +3 leather armour
rPois    ∞         Spirit   .   (no helmet)
rElec    .         Reflect  .   e - +0 cloak
rCorr    .         Harm     .   (no gloves)
MR       +....                  c - +0 pair of boots
Stlth    ++........             (no amulet)
HPRegen  0.24/turn              (no ring)
MPRegen  0.16/turn              (no ring)

@: weakened, mesmerised
A: no food or potions, fire vulnerability, cold resistance 1, negative energy
resistance 3, torment resistance, unbreathing
a: no special abilities


You were on level 9 of the Dungeon.
You were not hungry.

You visited 2 branches of the dungeon, and saw 10 of its levels.

You collected 425 gold pieces.

Inventory:

Hand Weapons
 d - a +0 short sword
 o - a +0 flail
 r - a +2 hand axe of electrocution (weapon)
 v - a +1 dire flail of venom
 M - a +0 war axe
 N - a +0 blowgun
 P - a cursed -2 trident
 R - a +1 trident of venom
Missiles
 b - 168 stones
 g - 85 bolts
 p - 2 javelins (quivered)
 F - 5 tomahawks
 O - 21 poisoned needles
Armour
 a - a +0 robe
 c - a +0 pair of boots (worn)
 e - a +0 cloak (worn)
 n - a +0 buckler (worn)
 s - a +3 leather armour (worn)
 G - a +0 cloak of invisibility
 K - a +3 chain mail
Magical Staves
 S - an uncursed staff of fire {unknown}
Jewellery
 m - an uncursed ring of flight {unknown}
 y - an uncursed amulet of the gourmand {unknown}
 A - an uncursed ring of magical power {unknown}
 B - an uncursed amulet of magic regeneration {unknown}
 J - an uncursed amulet of the gourmand {unknown}
 L - a cursed ring of protection from cold
Wands
 w - a wand of iceblast (6)
 x - a wand of paralysis (15)
 C - a wand of polymorph (2)
 H - a wand of digging (6)
 I - a wand of enslavement (11)
 Q - a wand of random effects (32)
Scrolls
 f - 15 scrolls of identify {unknown}
 h - 4 scrolls of enchant weapon {unknown}
 i - 6 scrolls of teleportation {unknown}
 j - 2 scrolls of fog {unknown}
 k - 7 scrolls of remove curse {unknown}
 l - 5 scrolls of amnesia {unknown}
 q - a scroll of fear {unknown}
 t - 3 scrolls of blinking {unknown}
 u - 3 scrolls of random uselessness {unknown}
 z - 3 scrolls of noise {unknown}
 D - a scroll of immolation {unknown}
 E - a scroll of enchant armour {unknown}
 T - 2 scrolls of magic mapping {unknown}


   Skills:
 + Level 11.1 Fighting
 * Level 4.5 Axes
 - Level 1.5 Dodging
 - Level 1.5 Stealth
 - Level 4.0 Shields
 - Level 6.1 Spellcasting
 - Level 6.2 Necromancy


You had 12 spell levels left.
You knew the following spells:

 Your Spells              Type           Power        Failure   Level  Hunger
a - Pain                  Necr           ####         1%          1    N/A
b - Animate Skeleton      Necr           N/A          1%          1    N/A
c - Vampiric Draining     Necr           ####......   3%          3    N/A
d - Animate Dead          Necr           N/A          12%         4    N/A

Your spell library contained the following spells:

 Spells                   Type           Power        Failure   Level  Hunger
 Regeneration             Chrm/Necr      Unusable     N/A         3    N/A

Dungeon Overview and Level Annotations

Branches:
Dungeon (9/15)             Temple (1/1) D:6
   Lair: D:8-11         Orc: D:9-12

Altars:
Ashenzari
Dithmenos
Elyvilon
Fedhas
Gozag
Hepliaklqana
Makhleb
Okawaru
Qazlal
Ru
Trog
Uskayaw
Vehumet
Wu Jian
Xom
Yredelemnul
Zin
The Shining One

Shops:
D:8 !

Annotations:
D:9 exclusion: obsidian statue


Innate Abilities, Weirdness & Mutations

You do not eat or drink.
Your flesh is vulnerable to fire.
You are immune to poison.
Your flesh is cold resistant. (rC+)
You are immune to negative energy. (rN+++)
You are immune to unholy pain and torment.
You can survive without breathing.


Message History

You kill the orange demon!
You hit the ynoxinul. You hit the obsidian statue.
You closely miss the sixfirhy. You block the sixfirhy's attack.
You block the ynoxinul's attack.
Unknown command.
You cannot move away from the obsidian statue!
Unknown command.
You slash the ynoxinul!
The ynoxinul is moderately wounded.
You hit the obsidian statue but do no damage.
You hit the sixfirhy.
The sixfirhy hits you but does no damage.
The sixfirhy closely misses you. The sixfirhy barely misses you.
The obsidian statue's eyes glow briefly.
The sixfirhy hits you.
* * * LOW HITPOINT WARNING * * *
The sixfirhy shocks you!
* * * LOW HITPOINT WARNING * * *
Your iron imp hits the ynoxinul.
The ynoxinul hits you!
You die...

.....#####..###
..............#
#............. ..
#.............
..###.....5......
#........#...........#
#.... #.......38/....#
#... #...:5@.......
#... #.....3.......
......####.............
#. #..##..............
#. ##................#
##.
##.............#####
...##..##.....####.#
...#..###..#....# .#
.....####.###.........


You could see an obsidian statue, a sixfirhy, a ynoxinul, an iron imp and a
friendly iron imp.

Vanquished Creatures
  Joseph (D:7)
  Prince Ribbit (D:5)
  2 hippogriffs (D:8)
  Sigmund (D:5)
  Eustachio (D:5)
  Edmund (D:5)
  2 water moccasins
  2 orc warriors
  An ice beast (D:8)
  A sky beast (D:6)
  A necrophage (D:7)
  3 ogres
  2 phantoms (D:8)
  3 centaurs
  A big kobold (D:8)
  6 bullfrogs
  4 scorpions
  A water moccasin skeleton (D:5)
  3 killer bees (D:8)
  5 wights
  2 crimson imps
  2 hounds
  2 jellies
  3 orc priests
  A bullfrog skeleton (D:5)
  4 iguanas
  6 orc wizards
  8 worker ants
  A hound zombie (D:7)
  A howler monkey zombie (D:5)
  3 worker ant zombies
  4 gnolls (D:7)
  14 adders
  3 shadow imps
  An ooze (D:1)
  2 adder skeletons
  A worm (D:3)
  A dart slug (D:1)
  4 leopard geckos
  14 orcs
  4 giant cockroaches
  6 goblins
  6 hobgoblins
  20 jackals
  A quokka (D:8)
  2 ball pythons
  11 bats
  2 frilled lizards
  A jackal zombie (D:5)
  11 kobolds
  A quokka skeleton (D:5)
  A quokka zombie (D:7)
  2 rats (D:1)
187 creatures vanquished.

Vanquished Creatures (collateral kills)
  An ice beast (D:4)
  2 bullfrogs (D:7)
  A scorpion (D:7)
  A worker ant (D:8)
  An adder (D:3)
  2 adder skeletons (D:4)
  A dart slug (D:2)
  An orc (D:4)
  3 bats
  2 goblins
  A hobgoblin (D:2)
  6 jackals
  A fungus (D:4)
23 creatures vanquished.

Vanquished Creatures (others)
  5 fungi (D:4)
5 creatures vanquished.

Grand Total: 215 creatures vanquished

Notes
Turn   | Place    | Note
-------+----------+-------------------------------------------
     0 | D:1      | mitkoXXVII the Mummy Necromancer began the quest for the
                  | Orb.
     0 | D:1      | Reached XP level 1. HP: 13/13 MP: 4/4
   402 | D:1      | Reached XP level 2. HP: 6/20 MP: 6/6
   639 | D:1      | Learned a level 1 spell: Animate Skeleton
   930 | D:1      | Reached skill level 1 in Fighting
  1326 | D:1      | Reached XP level 3. HP: 26/26 MP: 5/7
  1880 | D:2      | Reached skill level 2 in Fighting
  1880 | D:2      | Reached XP level 4. HP: 13/33 MP: 2/9
  2220 | D:2      | Learned a level 3 spell: Vampiric Draining
  2225 | D:2      | Learned a level 4 spell: Animate Dead
  3098 | D:3      | Found a glowing silver altar of Zin.
  3098 | D:3      | Found an opulent altar of Gozag.
  3098 | D:3      | Found a shimmering altar of Xom.
  3894 | D:4      | Reached XP level 5. HP: 36/39 MP: 1/11
  4132 | D:4      | Reached skill level 5 in Necromancy
  4145 | D:4      | Reached skill level 3 in Fighting
  4359 | D:4      | Reached skill level 5 in Spellcasting
  4511 | D:4      | Reached XP level 6. HP: 43/47 MP: 0/13
  4547 | D:4      | Noticed an ice beast
  4827 | D:4      | Killed an ice beast
  4827 | D:4      | Reached skill level 1 in Shields
  5173 | D:4      | Reached skill level 4 in Fighting
  5543 | D:5      | Entered Level 5 of the Dungeon
  5545 | D:5      | Reached XP level 7. HP: 54/54 MP: 14/14
  5808 | D:5      | Noticed Eustachio
  5816 | D:5      | Noticed Edmund
  5817 | D:5      | Noticed Sigmund
  5875 | D:5      | Killed Edmund
  5982 | D:5      | Killed Sigmund
  6097 | D:5      | Noticed Prince Ribbit
  6313 | D:5      | Killed Prince Ribbit
  6313 | D:5      | Reached skill level 5 in Fighting
  6313 | D:5      | Reached XP level 8. HP: 28/63 MP: 0/15
  6753 | D:5      | Killed Eustachio
  6895 | D:6      | Found a staircase to the Ecumenical Temple.
  6905 | Temple   | Entered the Ecumenical Temple
  7003 | D:6      | Upgraded the game from 0.23.0 to 0.23.0-3-gf3c87f2df8
  7032 | D:6      | Reached skill level 6 in Fighting
  7533 | D:6      | Reached skill level 7 in Fighting
  8037 | D:6      | Reached skill level 8 in Fighting
  8037 | D:6      | Reached XP level 9. HP: 56/74 MP: 14/18
  8309 | D:7      | Noticed Joseph
  8330 | D:7      | Killed Joseph
  8330 | D:7      | Reached skill level 9 in Fighting
  8884 | D:7      | Found a blossoming altar of Fedhas.
  8990 | D:7      | Reached skill level 1 in Axes
  9006 | D:7      | Reached skill level 10 in Fighting
  9453 | D:7      | Found a glowing golden altar of the Shining One.
 10126 | D:8      | Found a stormy altar of Qazlal.
 10198 | D:8      | Reached XP level 10. HP: 45/86 MP: 19/19
 10664 | D:8      | Reached skill level 11 in Fighting
 10727 | D:8      | Found Etwom's Distillery.
 11002 | D:9      | Noticed an obsidian statue
 11007 | D:9      | Noticed an orange demon
 11012 | D:9      | Noticed a sixfirhy
 11021 | D:9      | HP: 3/87 [sixfirhy[an obsidian statue] (11)]
 11021 | D:9      | Slain by a ynoxinul

Skill      XL: |  1  2  3  4  5  6  7  8  9 10 |
---------------+-------------------------------+-----
Spellcasting   | 3 4 5 6 |  6.1
Fighting       | 1 2 3 4 5 8 10 11 | 11.1
Necromancy     | 5 6 |  6.2
Shields        | 2 4 |  4.0
Axes           | 3 4 |  4.5
Dodging        | |  1.5
Stealth        | |  1.5

Action                   |  1- 3 |  4- 6 |  7- 9 | 10-12 || total
-------------------------+-------+-------+-------+-------++-------
Melee: Unarmed           |    20 |       |       |       ||    20
       Whip              |     9 |       |       |       ||     9
       Short sword       |    81 |   191 |       |       ||   272
       Hand axe          |       |    16 |   256 |    78 ||   350
 Cast: Pain              |    23 |    23 |   106 |       ||   152
       Animate Skeleton  |    11 |    31 |    12 |       ||    54
       Vampiric Draining |       |    19 |     8 |       ||    27
       Animate Dead      |       |       |     6 |     8 ||    14
Evoke: Wand              |       |       |       |     1 ||     1
 Stab: Sleeping          |     3 |     2 |     6 |       ||    11
       Distracted        |     1 |       |     1 |     1 ||     3
       Held in net/web   |       |     1 |       |       ||     1
Armor: Robe              |    36 |   135 |       |       ||   171
       Leather armour    |       |     3 |    91 |    44 ||   138
Dodge: Dodged            |    73 |   281 |   137 |    68 ||   559
Block: Buckler           |       |       |    60 |    25 ||    85
